 Dungeon Crawl Stone Soup version 0.30.1-4-g462c640d31 (webtiles) character file.

Game seed: 11797796944618098263

408314 monsoonserge the Conqueror (level 22, -3/233 HPs)
             Began as a Minotaur Berserker on Sept 17, 2023.
             Was the Champion of Trog.
             Killed by divine providence
             ... invoked by a mummy priest
              (14 damage)
             ... on level 1 of the Tomb of the Ancients on Sept 18, 2023.
             The game lasted 03:08:29 (36277 turns).

monsoonserge the Conqueror (Minotaur Berserker)    Turns: 36277, Time: 03:08:31

Health: -3/233     AC: 50    Str: 34    XL:     22   Next: 41%
Magic:  0/21       EV: 12    Int:  7    God:    Trog [******]
Gold:   4075       SH:  0    Dex: 26    Spells: 21/21 levels left

rFire   + . .        a - +7 executioner's axe "Saruumm" {heavy, rElec rN+ Int+2}
rCold   + + +        (shield currently unavailable)
rNeg    + + +        n - +13 crystal plate armour of Exziulorch {Dex+8}
rPois   +            N - +1 hat of Luigijor {Drain rPois rN++ SInv}
rElec   +            A - scarf {rC+ rF+}
rCorr   +            z - +2 pair of gloves
SInv    +            Z - +2 pair of boots of Ru's Outrage {*Slow Regen+ rCorr Str+3}
Will    ++++.        s - amulet of guardian spirit Stlth
                     F - ring "Xobly" {rElec rC++ Int+3 Dex+6 Stlth+}
HPRegen 2.38/turn    O - ring of the Transmuting Gods {rElec rPois Will+ rCorr Int-2}
MPRegen 0.17/turn

%: slow self (1%), guardian spirit
@: strong-willed (expiring), on berserk cooldown, regenerating (expiring),
slowed, very slow
A: horns 2, retaliatory headbutt
}: 2/15 runes: decaying, serpentine
a: Renounce Religion, Berserk, Trog's Hand, Brothers in Arms


You were on level 1 of the Tomb of the Ancients.
You worshipped Trog.
Trog was exalted by your worship.
You visited 9 branches of the dungeon, and saw 39 of its levels.
You also visited: Wizlab.

You collected 4864 gold pieces.
You spent 789 gold pieces at shops.

Inventory:

Hand Weapons
 a - the +7 executioner's axe "Saruumm" (weapon) {heavy, rElec rN+ Int+2}
   (You acquired it on level 11 of the Dungeon)

   Int:       It affects your intelligence (+2).
   rElec:     It insulates you from electricity.
   rN:        It protects you from negative energy.
 b - the +6 sling "Castuf" {elec, Int+4}
   (You found it on level 1 of the Swamp)

   Int:       It affects your intelligence (+4).
Missiles
 g - 6 boomerangs of dispersal
 j - 6 silver javelins
 q - 13 atropa-tipped darts
 C - 9 javelins (quivered)
 V - 18 curare-tipped darts
Armour
 n - the +13 crystal plate armour of Exziulorch (worn) {Dex+8}
   (You acquired it on level 2 of the Orcish Mines)

   Dex:       It affects your dexterity (+8).
 z - a +2 pair of gloves (worn)
 A - a scarf of resistance (worn)
 N - the +1 hat of Luigijor (worn) {Drain rPois rN++ SInv}
   (You found it on level 10 of the Dungeon)

   rPois:     It protects you from poison.
   rN:        It greatly protects you from negative energy.
   SInv:      It lets you see invisible.
   Drain:     It drains your maximum health when unequipped.
 Z - the +2 pair of boots of Ru's Outrage (worn) {*Slow Regen+ rCorr Str+3}
   (You found it on level 1 of the Lair of Beasts)

   Str:       It affects your strength (+3).
   Regen:     It increases your rate of health regeneration.
   rCorr:     It protects you from acid and corrosion.
   *Slow:     It may slow you when you take damage.
Jewellery
 s - an amulet of guardian spirit (around neck)
 t - the ring "Miyrin" {rElec rF+}
   (You found it in a wizard's laboratory)

   [ring of protection from fire]

   rF:        It protects you from fire.
   rElec:     It insulates you from electricity.
 F - the ring "Xobly" (left hand) {rElec rC++ Int+3 Dex+6 Stlth+}
   (You found it on level 3 of the Vaults)

   [ring of dexterity]

   Int:       It affects your intelligence (+3).
   Dex:       It affects your dexterity (+6).
   rC:        It greatly protects you from cold.
   rElec:     It insulates you from electricity.
   Stlth:     It makes you more stealthy.
 K - the ring of Zagerius {+Blink Str+6 Int-4 Dex+8}
   (You found it on level 3 of the Crypt)

   [ring of strength]

   Str:       It affects your strength (+6).
   Int:       It affects your intelligence (-4).
   Dex:       It affects your dexterity (+8).
   +Blink:    It lets you blink.
 O - the ring of the Transmuting Gods (right hand) {rElec rPois Will+ rCorr Int-2}
   (You found it in a wizard's laboratory)

   [ring of resist corrosion]

   Int:       It affects your intelligence (-2).
   rElec:     It insulates you from electricity.
   rPois:     It protects you from poison.
   rCorr:     It protects you from acid and corrosion.
   Will:      It increases your willpower.
Wands
 k - a wand of digging (1)
 o - a wand of polymorph (8)
 v - a wand of mindburst (25)
 B - a wand of flame (39)
 D - a wand of quicksilver (7)
 E - a wand of charming (36)
 U - a wand of iceblast (26)
Scrolls
 e - 6 scrolls of immolation
 f - 7 scrolls of silence
 i - 9 scrolls of fear
 m - 4 scrolls of butterflies
 u - a scroll of poison
 y - 7 scrolls of magic mapping
 I - 3 scrolls of torment
 L - 12 scrolls of blinking
 R - 5 scrolls of fog
 T - 8 scrolls of enchant armour
 X - 10 scrolls of teleportation
Potions
 c - 19 potions of curing
 d - 5 potions of attraction
 h - 6 potions of lignification
 l - 12 potions of heal wounds
 r - 7 potions of mutation
 w - 4 potions of ambrosia
 x - 5 potions of haste
 G - a potion of invisibility
 H - 6 potions of cancellation
 J - 5 potions of might
 P - 4 potions of resistance
 Y - 5 potions of flight
Miscellaneous
 p - a box of beasts (inert)
 M - a tin of tremorstones (2/2)
 Q - a lightning rod (4/4)
 S - a phantom mirror
 W - a phial of floods


   Skills:
 O Level 27 Fighting
 - Level 23.8(25.0) Axes
 - Level 13.6(20.2) Maces & Flails
 + Level 1.7 Ranged Weapons
 + Level 9.5 Throwing
 + Level 23.2 Armour
 + Level 5.0 Dodging
 + Level 2.4 Stealth
 - Level 1.0 Unarmed Combat
 * Level 12.9 Evocations


You had 21 spell levels left.
You didn't know any spells.
Your spell library contained the following spells:

 Spells                   Type           Power      Damage    Failure   Level
 Beastly Appendage        Tmut           0%         N/A       95%         1
 Magic Dart               Conj           0%         1d3       95%         1
 Summon Small Mammal      Summ           0%         N/A       95%         1
 Blink                    Tloc           0%         N/A       99%         2
 Call Imp                 Summ           0%         N/A       99%         2
 Cigotuvi's Dreadful Rot  Necr/Pois/Air  0%         N/A       99%         2
 Lesser Beckoning         Tloc           0%         N/A       99%         2
 Momentum Strike          Conj/Tloc      0%         3d8       99%         2
 Passwall                 Tmut/Erth      0%         N/A       99%         2
 Searing Ray              Conj           0%         2d4       99%         2
 Sublimation of Blood     Necr           0%         N/A       99%         2
 Call Canine Familiar     Summ           0%         N/A       100%        3
 Gell's Gravitas          Tloc           0%         N/A       100%        3
 Inner Flame              Hex/Fire       0%         N/A       100%        3
 Mephitic Cloud           Conj/Pois/Air  0%         N/A       100%        3
 Spider Form              Tmut/Pois      0%         N/A       100%        3
 Summon Guardian Golem    Hex/Summ       0%         N/A       100%        3
 Teleport Other           Tloc           0%         N/A       100%        3
 Vampiric Draining        Necr           0%         2d6       100%        3
 Vhi's Electric Charge    Tloc/Air       0%         N/A       100%        3
 Anguish                  Hex/Necr       0%         N/A       100%        4
 Animate Armour           Summ/Erth      0%         N/A       100%        4
 Flame Wave               Conj/Fire      0%         2d4       100%        4
 Fulminant Prism          Conj/Hex       0%         3d5       100%        4
 Manifold Assault         Tloc           0%         N/A       100%        4
 Petrify                  Tmut/Erth      0%         N/A       100%        4
 Sticky Flame             Conj/Fire      0%         2d3       100%        4
 Summon Ice Beast         Ice/Summ       0%         N/A       100%        4
 Arcjolt                  Conj/Air       0%         1d10      100%        5
 Blade Hands              Tmut           0%         N/A       100%        5
 Irradiate                Conj/Tmut      0%         3d11      100%        5
 Iskenderun's Battlesphe  Conj           0%         2d6       100%        5
 Silence                  Hex/Air        0%         N/A       100%        5
 Summon Forest            Summ/Tloc      0%         N/A       100%        5
 Summon Mana Viper        Hex/Summ       0%         N/A       100%        5
 Yara's Violent Unravell  Hex/Tmut       0%         3d3       100%        5
 Dispersal                Tloc           0%         N/A       100%        6
 Iron Shot                Conj/Erth      0%         9d1       100%        6
 Plasma Beam              Fire/Air       0%         2x1d11    100%        6
 Simulacrum               Ice/Necr       0%         N/A       100%        6
 Statue Form              Tmut/Erth      0%         N/A       100%        6
 Summon Cactus Giant      Summ           0%         N/A       100%        6
 Dragon Form              Tmut           0%         N/A       100%        7
 Haunt                    Necr/Summ      0%         N/A       100%        7
 Ozocubu's Refrigeration  Ice            0%         4d7       100%        7
 Spellforged Servitor     Conj/Summ      0%         N/A       100%        7
 Storm Form               Tmut/Air       0%         N/A       100%        7
 Infestation              Necr           0%         N/A       100%        8
 Polar Vortex             Ice            0%         N/A       100%        9


Dungeon Overview and Level Annotations

Branches:
Dungeon (15/15)            Temple (1/1) D:7            Lair (5/5) D:11
  Swamp (4/4) Lair:2        Snake (4/4) Lair:2        Slime (0/5) Lair:4
    Orc (2/2) D:10            Elf (0/3) Orc:2        Vaults (4/5) D:14
  Crypt (3/3) Vaults:3       Tomb (1/3) Crypt:3      Depths (0/4) D:15
 WizLab (visited)

Altars:
Ashenzari
Cheibriados
Dithmenos
Elyvilon
Fedhas
Gozag
Hepliaklqana
Kikubaaqudgha
Makhleb
Nemelex Xobeh
Okawaru
Qazlal
Ru
Sif Muna
Trog
Uskayaw
Vehumet
Wu Jian
Xom
Yredelemnul
Zin
The Shining One

Shops:
Orc:1 [   Orc:2 ?=!(   Vaults:2 (   Vaults:4 (

Portals:
Trove: Vaults:2 (give 17 scrolls of teleportation)


Innate Abilities, Weirdness & Mutations

You have a pair of horns on your head.
You reflexively headbutt those who attack you in melee.


Message History

The royal mummy casts a spell.
You slice the royal mummy!!
The royal mummy is heavily damaged.
You closely miss the death scarab.
You hear a faint skittering sound.
The death scarab bites you but does no damage.
The death scarab completely misses you. You furiously retaliate!
You headbutt the death scarab.
The skeletal warrior hits you but does no damage.
The royal mummy casts a spell at you. Something smites you!
* * * LOW HITPOINT WARNING * * *
The death scarab barely misses you. The death scarab misses you.
You furiously retaliate!
You headbutt the death scarab.
You cut the royal mummy into ribbons!!!!
You destroy the royal mummy!
Trog accepts your kill.
Trog appreciates your killing of a magic user.
The death scarab disappears in a puff of smoke! x4
You feel extremely nervous for a moment...
You are engulfed in negative energy!
You resist.
The skeletal warrior hits you but does no damage.
Press: ? - help, v - describe, . - travel
Here: a skeletal warrior, wielding a +0 glaive (black smoke)
The floor, spattered with blood.
The skeletal warrior closely misses you.
You furiously retaliate!
You headbutt the skeletal warrior!!
A mummy priest comes into view.
Unknown command.
You open the skeletal warrior like a pillowcase!!!!
You destroy the skeletal warrior!
Trog accepts your kill.
Unknown command.
You are no longer berserk.
You are exhausted.
You feel as though you will be slow longer.
You feel the effects of Trog's Hand fading.
The mummy priest invokes the aid of its god against you.
Something smites you!
You die...

...........#
^...........#
.......M...^#
............#
....^.......#
............#
........)...#
........ยง...#
.......@....######
..............M...
........).........
#####.......######
##'''''##
#.......#
#.8...8.#
#.......#
#.......#


You could see a royal mummy and a mummy priest.

Vanquished Creatures
  Mennas (Vaults:3)
  Mara (Snake:3)
  A royal mummy (Tomb:1)
  Sojobo (Vaults:2)
  Saint Roka (Vaults:3)
  Margery (Vaults:2)
  Vashnia (Snake:2)
  Xtahua (Vaults:2)
  A Hellbinder (WizLab)
  Nikola (Snake:4)
  Jorgrun (Orc:1)
  Rupert (Orc:2)
  Zenata (Vaults:2)
  Asterion (Snake:1)
  Mlioglotl (Snake:3)
  2 liches (Crypt:3)
  The ghost of booth the Severer, an adept DsFi of Okawaru (Swamp:3)
  2 ancient champions
  11 sphinxes
  Donald (Snake:4)
  2 tengu reavers (Vaults:2)
  2 thorn hunters
  Roxanne (D:14)
  Kirke (D:14)
  6 nagarajas
  7 revenants
  A fire giant (Vaults:4)
  Louise (Snake:3)
  A frost giant (D:15)
  15 vault wardens
  2 curse skulls
  Aizul (Snake:3)
  2 caustic shrike zombies (Crypt:2)
  2 orc warlords
  A balrug (WizLab)
  2 cacodemons (WizLab)
  4 very ugly things
  8 ghouls
  A war gargoyle (Vaults:2)
  13 ironbound preservers
  3 ironbound thunderhulks
  4 vampire knights
  A bennu (Tomb:1)
  A demonspawn black sun (WizLab)
  6 eleionomae
  12 dire elephants
  2 lorocyprocas (WizLab)
  A spectral titan (Crypt:3)
  6 deep elf death magi
  2 bunyips
  Snorg (Orc:2)
  A spectral quicksilver dragon (Crypt:3)
  A crystal guardian (Vaults:2)
  6 eidola
  2 shambling mangroves
  13 yaktaur captains
  A green death (WizLab)
  An ettin (Vaults:1)
  A blizzard demon (WizLab)
  4 mummy priests (Tomb:1)
  13 jiangshi
  4 entropy weavers
  6 great orbs of eyes
  2 spriggan zombies (Crypt:2)
  6 vault guards
  2 hell beasts (WizLab)
  16 hydras
  A salamander tyrant (Snake:4)
  A peacekeeper (Vaults:2)
  10 ogre magi
  2 catoblepae
  A spectral spriggan (Crypt:3)
  3 death knights
  A rakshasa (D:9)
  8 boulder beetles
  5 alligators
  11 anacondas
  A spriggan skeleton (Crypt:2)
  9 two-headed ogres
  An anaconda (shapeshifter) (Vaults:4)
  5 ironbound frosthearts
  17 naga warriors
  9 centaur warriors
  A fenstrider witch skeleton (Crypt:2)
  A deep troll earth mage (Vaults:4)
  5 tengu warriors
  2 spriggan berserkers (Swamp:4)
  Urug (D:11)
  An emperor scorpion zombie (Crypt:3)
  7 vampire magi
  3 hell knights (Vaults:2)
  16 naga sharpshooters
  10 shock serpents
  2 skysharks (Lair:5)
  A storm dragon zombie (Crypt:2)
  Sonja (Orc:1)
  13 spriggans
  3 salamander mystics
  10 shadow wraiths (Crypt:3)
  37 deep trolls
  3 sixfirhies (WizLab)
  2 goliath frogs
  7 swamp dragons
  2 anaconda zombies
  6 naga ritualists
  7 flayed ghosts
  16 skeletal warriors
  5 spriggan druids
  28 phantasmal warriors
  2 bunyip skeletons (Crypt:2)
  10 bog bodies
  7 necromancers
  An iron dragon zombie (Crypt:1)
  11 lindwurms
  17 ironbound convokers
  4 orc knights (Vaults:4)
  An eleionoma zombie (Crypt:3)
  A fire giant zombie (Vaults:2)
  13 mana vipers
  8 wizards
  6 deep elf pyromancers
  2 wolf spiders (D:9)
  A deep elf zephyrmancer (D:10)
  34 ugly things
  2 oklob plants (Lair:4)
  3 manticores
  18 salamanders
  6 orc sorcerers
  A stone giant zombie (Vaults:2)
  A spectral alligator snapping turtle (Crypt:3)
  5 cyclopes
  11 elephants (Lair:5)
  2 will-o-the-wisps
  A stone giant skeleton (Vaults:2)
  A fire giant skeleton (Crypt:2)
  2 guardian serpents
  A torpor snail (Lair:5)
  19 vault sentinels
  13 naga magi
  2 rust devils (WizLab)
  2 smoke demons (WizLab)
  A naga zombie (Crypt:2)
  4 centaur zombies
  5 cane toads
  42 black mambas
  5 orange demons (WizLab)
  2 gargoyles (D:12)
  41 yaktaurs
  A yellow draconian zombie (Crypt:1)
  An unseen horror (D:13)
  4 hellions (WizLab)
  A komodo dragon (shapeshifter) (D:15)
  A swamp worm zombie (Crypt:1)
  A white draconian zombie (Crypt:1)
  An alligator snapping turtle skeleton (Crypt:2)
  4 rime drakes
  A dire elephant skeleton (Crypt:2)
  2 efreet
  12 komodo dragons
  A pale draconian skeleton (Crypt:3)
  9 freezing wraiths
  A sea snake skeleton (Crypt:2)
  3 guardian mummies (Tomb:1)
  A green draconian skeleton (Crypt:1)
  An ice devil (WizLab)
  A spectral harpy (Crypt:3)
  10 trolls
  An iron troll skeleton (Crypt:2)
  A harpy zombie (Crypt:2)
  A red devil (WizLab)
  A hydra zombie (Crypt:2)
  14 polar bears
  5 tyrant leeches
  A hydra skeleton (Crypt:3)
  A harpy skeleton (Tomb:1)
  13 hornets
  10 blink frogs
  A tarantella (shapeshifter) (D:9)
  An ettin zombie (Crypt:2)
  6 dream sheep (Lair:5)
  A boulder beetle zombie (Crypt:2)
  A fire dragon zombie (Crypt:2)
  A raiju (Lair:5)
  A death drake skeleton (Crypt:3)
  18 flying skulls
  27 slime creatures
  A culicivora (Vaults:4)
  A centaur simulacrum (D:14)
  A deep troll skeleton (Vaults:2)
  10 shadows
  12 wraiths
  39 yaks
  2 ynoxinuls (WizLab)
  4 hogs (D:14)
  A wyvern (Lair:3)
  4 basilisks
  A black mamba skeleton (Crypt:3)
  20 humans
  2 neqoxecs (WizLab)
  Grum (D:8)
  4 steam dragons
  3 redbacks
  Edmund (D:4)
  10 vampire mosquitoes
  11 wargs
  A demonspawn zombie (Crypt:3)
  12 swamp worms
  A wind drake skeleton (Crypt:2)
  A glowing shapeshifter zombie (Vaults:2)
  35 nagas
  2 acid dragons
  14 hell hounds (Lair:5)
  19 water moccasins
  26 orc warriors
  14 black bears
  2 sky beasts (D:6)
  An ice beast (D:5)
  6 swamp drakes
  26 wolves
  9 boggarts
  14 ogres
  A swamp dragon skeleton (Crypt:2)
  3 phantoms
  6 centaurs
  A rime drake zombie (Crypt:1)
  Blork the orc (D:6)
  2 human zombies
  3 kobold brigands
  A draconian zombie (Crypt:2)
  12 bullfrogs
  A draconian skeleton (Crypt:3)
  4 scorpions
  9 wights
  13 killer bees
  5 electric eels
  5 howler monkeys
  3 lava snakes (Snake:1)
  2 crimson imps
  4 hounds
  An iron imp (D:10)
  3 jellies
  18 orc priests
  2 gnoll boudas
  6 iguanas
  A basilisk skeleton (Crypt:1)
  A human skeleton (Crypt:2)
  38 orc wizards
  2 ogre skeletons
  2 naga skeletons
  7 mummies (Tomb:1)
  10 adders
  10 gnolls
  A shadow imp (D:10)
  2 white imps
  2 ufetubi
  A worm (D:4)
  A dart slug (D:1)
  92 orcs
  5 bats
  10 endoplasms
  2 giant cockroaches
  10 goblins
  5 hobgoblins
  9 jackals
  4 quokkas
  4 ball pythons
  A ball python zombie (Crypt:3)
  3 frilled lizards (D:1)
  17 kobolds
  11 rats
1635 creatures vanquished.

Vanquished Creatures (collateral kills)
  A royal mummy (Tomb:1)
  Bai Suzhen (Snake:4)
  A cacodemon (WizLab)
  A very ugly thing (Vaults:3)
  An ironbound preserver (Vaults:3)
  A bennu (Tomb:1)
  An ettin (Vaults:3)
  An eidolon (Crypt:3)
  A fire dragon (Lair:5)
  3 hydras (Swamp:4)
  A yaktaur captain (Vaults:2)
  A shambling mangrove (Swamp:4)
  A vault guard (Vaults:2)
  A naga sharpshooter (Snake:4)
  A spriggan (Swamp:4)
  A deep troll (Vaults:3)
  3 swamp dragons
  A guardian serpent (Snake:2)
  3 rime drakes (Swamp:4)
  A tormentor (WizLab)
  3 yaktaurs (Vaults:3)
  A hornet (Swamp:4)
  A flying skull (Crypt:3)
  A chaos spawn (WizLab)
  A basilisk (Lair:5)
  2 swamp drakes (Swamp:4)
35 creatures vanquished.

Vanquished Creatures (others)
  A salamander tyrant (Snake:4)
  2 spriggans (Swamp:3)
  A salamander mystic (Snake:4)
  A wizard (Vaults:1)
  9 bloated husks
  A hornet (Swamp:3)
  A human (D:14)
  5 nagas (Snake:4)
  An orc wizard (Orc:2)
  An orc (D:13)
  10 foxfires
33 creatures vanquished.

Grand Total: 1703 creatures vanquished

Notes
Turn   | Place    | Note
-------+----------+-------------------------------------------
     0 | D:1      | monsoonserge the Minotaur Berserker began the quest for the
                  | Orb.
     0 | D:1      | Reached XP level 1. HP: 19/19 MP: 0/0
   133 | D:1      | Reached XP level 2. HP: 20/27 MP: 1/1
   242 | D:1      | Reached skill level 4 in Fighting
   425 | D:1      | Reached XP level 3. HP: 33/33 MP: 2/2
   450 | D:1      | Reached ** piety under Trog
   669 | D:2      | Identified the +3 chain mail of Oily Lucidity {Int+6}
   922 | D:3      | Found a faded altar of an unknown god.
   925 | D:3      | You are sucked into a shaft and drop 3 floors!
   928 | D:6      | Noticed a phantom
   930 | D:5      | Entered Level 5 of the Dungeon
   953 | D:4      | Noticed Edmund
   979 | D:3      | Reached XP level 4. HP: 41/41 MP: 3/3
   981 | D:3      | Reached skill level 5 in Axes
  1264 | D:3      | Reached XP level 5. HP: 34/47 MP: 4/4
  1942 | D:4      | Reached skill level 1 in Maces & Flails
  1947 | D:4      | Reached *** piety under Trog
  1948 | D:4      | Reached skill level 1 in Unarmed Combat
  1951 | D:4      | Reached skill level 5 in Fighting
  1991 | D:4      | Reached XP level 6. HP: 54/56 MP: 5/5
  2014 | D:4      | Killed Edmund
  2068 | D:4      | Reached skill level 5 in Maces & Flails
  2068 | D:4      | Reached XP level 7. HP: 61/61 MP: 6/6
  2256 | D:4      | Found a shadowy altar of Dithmenos.
  2409 | D:4      | Found a glowing golden altar of the Shining One.
  2570 | D:4      | Reached skill level 5 in Armour
  2709 | D:5      | Reached skill level 1 in Evocations
  2793 | D:5      | Found a glowing silver altar of Zin.
  2855 | D:5      | Found a radiant altar of Vehumet.
  3085 | D:5      | Reached XP level 8. HP: 70/70 MP: 7/7
  3194 | D:5      | Found an iron altar of Okawaru.
  3194 | D:5      | Found a snail-covered altar of Cheibriados.
  3206 | D:5      | Found a shimmering blue altar of Sif Muna.
  3212 | D:5      | Found an opulent altar of Gozag.
  3218 | D:5      | Found a blossoming altar of Fedhas.
  3224 | D:5      | Found a basalt altar of Yredelemnul.
  3228 | D:5      | Found a hide-covered altar of Uskayaw.
  3381 | D:6      | Reached skill level 6 in Fighting
  3578 | D:6      | Noticed Blork the orc
  3582 | D:6      | Killed Blork the orc
  3833 | D:6      | Reached skill level 7 in Fighting
  3833 | D:6      | Reached XP level 9. HP: 79/79 MP: 8/8
  3899 | D:6      | Reached **** piety under Trog
  4182 | D:7      | Found a staircase to the Ecumenical Temple.
  4260 | D:7      | Reached skill level 10 in Maces & Flails
  4271 | Temple   | Entered the Ecumenical Temple
  4546 | D:7      | Noticed a two-headed ogre
  4555 | D:7      | Killed a two-headed ogre
  4858 | D:7      | Reached skill level 8 in Fighting
  4987 | D:8      | Found a shimmering altar of Xom.
  5121 | D:8      | Found a burning altar of Makhleb.
  5368 | D:8      | Noticed Grum
  5377 | D:8      | Killed Grum
  5610 | D:9      | Reached XP level 10. HP: 76/89 MP: 9/9
  5940 | D:9      | Noticed a cyclops
  5944 | D:9      | Killed a cyclops
  5944 | D:9      | Noticed a boulder beetle
  5952 | D:9      | Killed a boulder beetle
  6106 | D:9      | Identified the +2 plate armour of Hysteria {Dex+3}
  6144 | D:9      | Noticed a rakshasa
  6153 | D:9      | Killed a rakshasa
  6153 | D:9      | Noticed a deep elf pyromancer
  6160 | D:9      | Killed a deep elf pyromancer
  6343 | D:9      | Noticed a wolf spider
  6348 | D:9      | Killed a wolf spider
  6349 | D:9      | Reached skill level 9 in Fighting
  6349 | D:9      | Reached skill level 10 in Armour
  6589 | D:9      | Noticed a manticore
  6599 | D:9      | Killed a manticore
  6600 | D:9      | Reached skill level 1 in Throwing
  6600 | D:9      | Reached XP level 11. HP: 64/97 MP: 10/10
  6798 | D:9      | Noticed a wolf spider
  6804 | D:9      | Killed a wolf spider
  6965 | D:10     | Entered Level 10 of the Dungeon
  7000 | D:10     | Noticed a two-headed ogre
  7004 | D:10     | Killed a two-headed ogre
  7035 | D:10     | Reached ***** piety under Trog
  7052 | D:10     | Found a staircase to the Orcish Mines.
  7434 | D:10     | Noticed a deep elf pyromancer
  7452 | D:10     | Killed a deep elf pyromancer
  7696 | D:10     | Noticed a deep elf zephyrmancer
  7700 | D:10     | Killed a deep elf zephyrmancer
  7705 | D:10     | Identified the +1 hat of Luigijor {Drain rPois rN++ SInv}
  8169 | D:11     | Noticed a boulder beetle
  8179 | D:11     | Killed a boulder beetle
  8280 | D:11     | Identified 2 scrolls of acquirement
  8296 | D:11     | Acquired the +7 executioner's axe "Saruumm" {heavy, rElec
                  | rN+ Int+2}
  8299 | D:11     | Acquired the +3 plate armour of Loss {rElec Str+8 Int+3
                  | Dex-4}
  8407 | D:11     | Noticed Urug
  8431 | D:11     | Found a radiant altar of Vehumet.
  8451 | D:10     | Reached skill level 5 in Evocations
  8484 | D:11     | Killed Urug
  8809 | D:11     | Found a staircase to the Lair.
  9132 | D:12     | Noticed a boulder beetle
  9142 | D:12     | Killed a boulder beetle
  9143 | D:12     | Reached skill level 10 in Fighting
  9143 | D:12     | Reached XP level 12. HP: 106/106 MP: 11/11
 10203 | D:13     | Noticed a centaur warrior
 10209 | D:13     | Killed a centaur warrior
 10403 | D:13     | Noticed a catoblepas
 10496 | Lair:1   | Entered Level 1 of the Lair of Beasts
 10500 | Lair:1   | Reached skill level 10 in Axes
 11029 | Lair:1   | Noticed a boulder beetle
 11035 | Lair:1   | Killed a boulder beetle
 11035 | Lair:1   | Received a gift from Trog
 11036 | Lair:1   | Found the amulet of Elemental Vulnerability {rPois rF--
                  | rC-- AC+8}
 11203 | Lair:1   | Identified the +2 pair of boots of Ru's Outrage {*Slow
                  | Regen+ rCorr Str+3}
 11569 | Lair:2   | Noticed an eight-headed hydra
 11569 | Lair:2   | Found a staircase to the Swamp.
 11798 | Lair:2   | Reached skill level 11 in Fighting
 11825 | Lair:2   | Found a staircase to the Snake Pit.
 11930 | Lair:2   | Killed a nine-headed hydra
 11931 | Lair:2   | Reached XP level 13. HP: 116/116 MP: 12/12
 13104 | Lair:4   | Reached ****** piety under Trog
 13825 | Lair:4   | Found a staircase to the Slime Pits.
 13873 | Lair:5   | Entered Level 5 of the Lair of Beasts
 13923 | Lair:5   | Received a gift from Trog
 13968 | Lair:5   | Reached skill level 15 in Axes
 14064 | Lair:5   | Reached skill level 12 in Fighting
 14259 | Lair:5   | Noticed a fire dragon
 14267 | Lair:5   | Killed a fire dragon
 14275 | Lair:5   | Reached XP level 14. HP: 125/126 MP: 13/13
 14601 | Lair:5   | Reached skill level 5 in Dodging
 14736 | Lair:5   | Reached skill level 13 in Fighting
 14748 | Lair:5   | Reached skill level 1 in Stealth
 14749 | Lair:5   | Received a gift from Trog
 15044 | Swamp:1  | Entered Level 1 of the Swamp
 15044 | Swamp:1  | Noticed a ghoul
 15052 | Swamp:1  | Noticed a ghoul
 15054 | Swamp:1  | Killed a ghoul
 15062 | Swamp:1  | Killed a ghoul
 15195 | Orc:1    | Entered Level 1 of the Orcish Mines
 15269 | Orc:1    | Noticed Sonja
 15273 | Orc:1    | Killed Sonja
 15278 | Orc:1    | Noticed Jorgrun
 15283 | Orc:1    | Killed Jorgrun
 15502 | Orc:2    | Entered Level 2 of the Orcish Mines
 15609 | Orc:2    | Found a staircase to the Elven Halls.
 15721 | Orc:2    | Noticed Rupert
 15731 | Orc:2    | Killed Rupert
 15936 | Orc:2    | Paralysed by an orc sorcerer for 3 turns
 15940 | Orc:2    | Noticed an orc warlord
 15957 | Orc:1    | Found Worghuoxt's Antique Armour Shoppe.
 16566 | Orc:2    | Found Rootho's Magic Scroll Emporium.
 16580 | Orc:2    | Bought a scroll of blinking for 90 gold pieces
 16580 | Orc:2    | Bought a scroll of acquirement for 624 gold pieces
 16580 | Orc:2    | Acquired the +13 crystal plate armour of Exziulorch {Dex+8}
 16605 | Orc:2    | Found an ancient bone altar of Kikubaaqudgha.
 16607 | Orc:2    | Received a gift from Trog
 16654 | Orc:2    | Found a radiant altar of Vehumet.
 16689 | Orc:2    | Found Wajoet's Antique Weapon Shoppe.
 16718 | Orc:2    | Killed an orc warlord
 16719 | Orc:2    | Reached XP level 15. HP: 96/137 MP: 14/14
 16719 | Orc:2    | Noticed Snorg
 16729 | Orc:2    | Killed Snorg
 16840 | Orc:2    | Found Suihid's Jewellery Shoppe.
 16847 | Orc:2    | Found Ashryu's Distillery.
 16858 | Orc:2    | Bought a potion of heal wounds for 75 gold pieces
 17345 | D:13     | Reached skill level 14 in Fighting
 17625 | Swamp:1  | Received a gift from Trog
 17922 | Swamp:1  | Identified the +1 ring mail of Festooned Curiosity {Drain
                  | rElec Str+7 Stlth+}
 17970 | Swamp:1  | Identified the +6 sling "Castuf" {elec, Int+4}
 18092 | Swamp:2  | Noticed a thorn hunter
 18104 | Swamp:2  | Killed a thorn hunter
 18147 | Swamp:2  | Reached skill level 15 in Armour
 18488 | Swamp:2  | Identified the +1 robe "Zoruotwu" {rN+ Dex+3}
 18810 | Swamp:3  | Found a runed translucent gate.
 18810 | Swamp:3  | Found a runed translucent gate.
 18810 | Swamp:3  | Found a runed translucent gate.
 18813 | Swamp:3  | Noticed booth's ghost (adept DsFi)
 18876 | Swamp:3  | Reached skill level 15 in Fighting
 18970 | Swamp:3  | Received a gift from Trog
 19314 | Swamp:3  | Killed booth's ghost
 19320 | Swamp:3  | Identified the staff of earth "Valokk" {rElec Will+ Int+3
                  | Dex-2}
 19369 | Swamp:4  | Entered Level 4 of the Swamp
 19485 | Swamp:4  | Reached XP level 16. HP: 149/149 MP: 15/15
 19615 | Swamp:4  | Noticed a thorn hunter
 19622 | Swamp:4  | Killed a thorn hunter
 19824 | Swamp:4  | Got a decaying rune of Zot
 20070 | Snake:1  | Entered Level 1 of the Snake Pit
 20176 | Snake:1  | Received a gift from Trog
 20229 | Snake:1  | You fall into a shaft and drop 1 floor!
 20245 | Snake:2  | Noticed Vashnia
 20256 | Snake:2  | Reached skill level 16 in Fighting
 20265 | Snake:2  | Noticed Mlioglotl
 20708 | Snake:1  | Noticed Asterion
 20716 | Snake:1  | Noticed an Executioner
 20721 | Snake:1  | Killed Asterion
 21184 | Snake:1  | Reached XP level 17. HP: 151/159 MP: 10/16
 21435 | Snake:1  | Got the Compendium of Enchanted Wanderlust
 21510 | Snake:2  | Received a gift from Trog
 21616 | Snake:2  | Killed Vashnia
 21657 | Snake:3  | Noticed Mara
 21670 | Snake:3  | Killed Mara
 21693 | Snake:3  | Killed Mlioglotl
 21694 | Snake:3  | Reached skill level 17 in Fighting
 22252 | Snake:3  | Noticed Aizul
 22255 | Snake:3  | Noticed Louise
 22258 | Snake:3  | Killed Aizul
 22267 | Snake:3  | Killed Louise
 22681 | Snake:4  | Entered Level 4 of the Snake Pit
 22814 | Snake:4  | Reached skill level 5 in Throwing
 22912 | Snake:4  | Received a gift from Trog
 23056 | Snake:4  | Noticed Donald
 23061 | Snake:4  | Noticed Nikola
 23065 | Snake:4  | Killed Donald
 23079 | Snake:4  | Noticed Bai Suzhen
 23085 | Snake:4  | Killed Bai Suzhen
 23229 | Snake:4  | Reached skill level 18 in Fighting
 23411 | Snake:4  | Killed Nikola
 23411 | Snake:4  | Received a gift from Trog
 23528 | Snake:4  | Reached XP level 18. HP: 132/172 MP: 12/17
 23884 | Snake:4  | Got a serpentine rune of Zot
 24433 | D:14     | Noticed Kirke
 24508 | D:14     | Killed Kirke
 24714 | D:14     | Found a gate to the Vaults.
 25016 | D:14     | Found an ornate altar of the Wu Jian Council.
 25228 | D:14     | Identified Roxanne's Information on the Figure
 25228 | D:14     | Noticed Roxanne
 25237 | D:14     | Killed Roxanne
 25403 | D:15     | Entered Level 15 of the Dungeon
 25458 | D:15     | Reached skill level 19 in Fighting
 25648 | D:15     | Received a gift from Trog
 26065 | D:15     | Found a staircase to the Depths.
 26289 | Vaults:1 | Entered Level 1 of the Vaults
 26507 | Vaults:1 | Received a gift from Trog
 26821 | Vaults:1 | Identified the +6 plate armour of Moral Flaws {Str+5}
 26933 | Vaults:1 | Reached skill level 20 in Fighting
 27265 | Vaults:1 | Reached XP level 19. HP: 181/185 MP: 15/18
 27418 | Vaults:2 | Found Ograsain's Antique Weapon Boutique.
 27498 | Vaults:2 | Noticed Zenata
 27607 | Vaults:2 | Killed Zenata
 27651 | Vaults:2 | Reached skill level 10 in Evocations
 27812 | Vaults:2 | Received a gift from Trog
 27895 | Vaults:2 | Paralysed by a great orb of eyes for 3 turns
 27940 | Vaults:2 | Noticed Margery
 27940 | Vaults:2 | Noticed Xtahua
 27952 | Vaults:2 | Killed Xtahua
 28154 | Vaults:2 | Reached skill level 21 in Fighting
 28194 | Vaults:2 | Found a portal to a secret trove of treasure.
 28695 | Vaults:2 | Noticed Sojobo
 28713 | Vaults:2 | Killed Sojobo
 28802 | Vaults:2 | Killed Margery
 29177 | Vaults:3 | Noticed Saint Roka
 29180 | Vaults:2 | Identified the +3 dire flail of Jiluclenk {heavy, rCorr
                  | Dex+4} (Trog gifted it to you on level 2 of the Vaults)
 29180 | Vaults:2 | Received a gift from Trog
 29226 | Vaults:3 | Killed Saint Roka
 29422 | Vaults:3 | Reached skill level 22 in Fighting
 29590 | Vaults:3 | Noticed Mennas
 29596 | Vaults:3 | Killed Mennas
 29790 | Vaults:3 | Reached XP level 20. HP: 202/202 MP: 17/19
 29803 | Vaults:3 | Received a gift from Trog
 29818 | Vaults:3 | Reached skill level 23 in Fighting
 29962 | Vaults:3 | Found a staircase to the Crypt.
 30281 | Vaults:3 | Identified the +2 chain mail of Xom's Condemnation {Dex+7
                  | Slay-6}
 30283 | Vaults:3 | Received a gift from Trog
 30762 | Vaults:3 | Identified the ring "Solapis" {+Blink Dex+6}
 30771 | Vaults:3 | Identified the ring "Xobly" {rElec rC++ Int+3 Dex+6 Stlth+}
 30784 | Vaults:3 | Identified the ring of the Snail {rN+ Int+4 SInv}
 30850 | Vaults:4 | Reached skill level 24 in Fighting
 31266 | Vaults:4 | Found Jerghil's Weapon Shop.
 31776 | Vaults:4 | Reached skill level 25 in Fighting
 32184 | Vaults:4 | Received a gift from Trog
 32368 | Crypt:1  | Entered Level 1 of the Crypt
 32496 | Crypt:1  | Reached XP level 21. HP: 217/217 MP: 20/20
 33151 | Crypt:2  | Found a magical portal.
 33186 | WizLab   | Entered The Hall of the Hellbinder
 33197 | WizLab   | Received a gift from Trog
 33403 | WizLab   | Reached skill level 1 in Ranged Weapons
 33506 | WizLab   | Got the Notes on the Boggart
 33572 | WizLab   | Reached skill level 26 in Fighting
 33580 | WizLab   | Identified the +4 lajatang "Worm" {vamp, Str+4 Int+6 SInv}
 33580 | WizLab   | Noticed Elirachi
 33599 | WizLab   | Killed Elirachi the Hellbinder
 33654 | WizLab   | Found a burning altar of Makhleb.
 33664 | WizLab   | Got Izeum's Handbook of the Mob
 33667 | WizLab   | Identified the ring "Miyrin" {rElec rF+}
 33669 | WizLab   | Identified the ring of the Transmuting Gods {rElec rPois
                  | Will+ rCorr Int-2}
 34047 | Crypt:2  | Received a gift from Trog
 34602 | Crypt:3  | Entered Level 3 of the Crypt
 34648 | Crypt:3  | Found a staircase to the Tomb.
 34777 | Crypt:3  | Identified the ring of Zagerius {+Blink Str+6 Int-4 Dex+8}
 34949 | Crypt:3  | Received a gift from Trog
 35067 | Crypt:3  | Identified the +2 robe "Wuzutz" {rC- Dex+8}
 35109 | Crypt:3  | Reached skill level 27 in Fighting
 35244 | Crypt:3  | Found a basalt altar of Yredelemnul.
 35265 | Crypt:3  | Reached XP level 22. HP: 158/233 MP: 14/21
 35612 | Crypt:3  | Identified the ring of Vitu {rF- Str+6 Int+3}
 35625 | Crypt:3  | Identified the +2 halberd of False Hope {freeze, *Noise
                  | *Slow rF+ Dex+7}
 35641 | Crypt:3  | Identified the +9 glaive of Corruption {heavy, rF+++ Int+3
                  | Dex-4 SInv}
 35699 | Crypt:3  | Received a gift from Trog
 35725 | Crypt:3  | Got the Anthology of Resurrection
 35896 | Tomb:1   | Entered Level 1 of the Tomb of the Ancients
 35956 | Tomb:1   | Identified the +1 shortbow "Yfuam" {elec, rF+}
 36252 | Tomb:1   | Noticed a royal mummy
 36261 | Tomb:1   | Noticed a royal mummy
 36262 | Tomb:1   | Noticed a royal mummy
 36263 | Tomb:1   | Killed a royal mummy
 36271 | Tomb:1   | HP: 10/349 [death scarab[a royal mummy] (18)]
 36274 | Tomb:1   | Killed a royal mummy
 36277 | Tomb:1   | Killed from afar by a mummy priest

Illustrated notes

Levels and vault maps discovered:
D:1:      minmay_arrival_checkered_box, layout_rooms
D:2:      layout_basic
D:3:      layout_basic, nicolae_ecumenical_pavilion, serial_curves,
          eino_curves_01, eino_curves_04, eino_curves_03, minmay_mini_jars
D:4:      layout_cave_pools, nicolae_dithmenos_the_darkroom,
          nicolae_tso_swordbearing_angel, chequers_serial_rivers_micro_e,
          uniq_edmund
D:5:      layout_cave_pools, grunt_temple_overflow_octagram, zin_academy,
          mainiacjoe_overflow_cross_hatched, serial_column_ruins,
          column_ruins_square_large, column_ruins_columns_water,
          column_ruins_open_small_water, column_ruins_open_medium,
          column_ruins_open_large, column_ruins_open_small,
          kennysheep_generic_room_8
D:6:      layout_loops_ring, uniq_blork_the_orc
D:7:      layout_loops_cross, temple_pool_b, feat_on_display
D:8:      layout_gridville, makhleb_grotto_becter,
          mainiacjoe_overflow_small_starburst, uniq_grum
D:9:      minmay_chopped_fan, layout_irregular_city, roderic_roman_lattice
D:10:     layout_roguey, erik_orc_4, hangedman_minor_magic
D:11:     layout_small_grid, grunt_lair_entry_orc_guard_hut,
          vehumet_altar_wand_db, uniq_urug
D:12:     layout_stronghold, minmay_statues_item
D:13:     layout_roguey [special_room_orc]
D:14:     layout_basic, grunt_vaults_entry_tiered, nicolae_wu_jian_wuxing_cycle,
          uniq_kirke, uniq_roxanne
D:15:     grunt_enter_depths_snipers, layout_rooms,
          chequers_serial_rivers_large_a
Temple:   hellmonk_temple_beads
Lair:1:   layout_cave_pods, serial_bayou_lake_a, grunt_megastairs_5,
          serial_bayou_shore_b
Lair:2:   layout_long_grid, minmay_swamp_entry_reptiles,
          guppyfry_snake_entry_garden
Lair:3:   layout_loops_ring, chequers_serial_rivers_room_b,
          nicolae_quartered_pool_little, serial_bayou_shore_a
Lair:4:   layout_loops_ring, minmay_slime_entry_oklob_enclosed,
          grunt_megastairs_3
Lair:5:   guppyfry_lair_end_dragon, layout_small_grid,
          hangedman_lair_caniforms_friends, grunt_megastairs_1
Swamp:1:  layout_basic_swamp, nicolae_swamp_long_stream, swamp_pool3,
          infiniplex_staircase_pool
Swamp:2:  layout_falls_marsh, evilmike_swamp_ruin_rubble_2, swamp_pool3
Swamp:3:  layout_basic_swamp, ebering_ghost_rock_garden, hangedman_swamp_lotus,
          swamp_pool1, nicolae_swamp_super_fun_site
Swamp:4:  swamp_alternative, layout_basic_swamp
Snake:1:  layout_basic, nicolae_large_snake_swirl, uniq_asterion
Snake:2:  layout_onion_interference, corexii_hall_statues_i,
          serial_bayou_shore_b, uniq_vashnia, uniq_mlioglotl
Snake:3:  layout_gridlike, uniq_louise, uniq_aizul, uniq_mara
Snake:4:  minmay_snake_end_coiled, layout_rooms, drop_trap, st_stairs_4,
          uniq_bai_suzhen, uniq_nikola, uniq_donald
Orc:1:    nicolae_orc_accident_2, layout_caves, serial_shops,
          nicolae_shop_tiny_glass, uniq_sonja, uniq_jorgrun
Orc:2:    kennysheep_orc_mage_school, layout_caves, uniq_snorg, uniq_rupert
Vaults:1: nicolae_vaults_surprise_closet_hard, hangedman_vaults_variations,
          ontoclasm_vaults_ring_large, nicolae_vaults_cornered_office,
          nicolae_vaults_theta, nicolae_vaults_variable_pillar_hall,
          grunt_vaults_twisty, nicolae_vaults_tetromino_Z_1,
          nicolae_vaults_trapezoid_4, nicolae_vaults_alarming,
          nicolae_vaults_tetromino_L_1, layout_vaults_omnibox
Vaults:2: vaults_room_large_hall, nicolae_vaults_shipping_containers_7,
          nicolae_vaults_rhombus_6, ontoclasm_vaults_hangar,
          nicolae_vaults_angled_halls, nicolae_vaults_hexular_roomagon,
          hangedman_vaults_slice, nicolae_vaults_closet_pinwheel_6,
          vaults_room_pools, nicolae_vaults_diamond_2, hangedman_vaults_pinch,
          nicolae_vaults_storage_closets_1, vaults_dpeg_cross,
          layout_vaults_big_cross, serial_shops, shop, enter_trove_1,
          uniq_margery, uniq_sojobo, uniq_zenata, uniq_xtahua
Vaults:3: minmay_crypt_entry_simple_plaza, v_misc_14, v_rooms_3,
          nicolae_vaults_shrinking_rooms_2, hangedman_vaults_cutoff,
          v_pattern_5, vaults_room_fours, vaults_room_door_ring,
          nicolae_vaults_shelves_hall, ontoclasm_vaults_shuriken,
          nicolae_vaults_circle_grid_b, nicolae_vaults_museum,
          nicolae_vaults_circle_grid_a, vaults_mumra_lcd,
          nicolae_vaults_closet_pinwheel_1, ontoclasm_vaults_pinch,
          layout_vaults_maze, uniq_mennas, uniq_saint_roka
Vaults:4: nicolae_vaults_what_the_h, v_misc_29, hangedman_vaults_corner,
          v_misc_4, v_misc_5, nicolae_vaults_house_3, nicolae_vaults_quadrants,
          nicolae_vaults_tetromino_T_1, nicolae_vaults_little_ls,
          nicolae_vaults_taking_the_gang_shopping,
          nicolae_vaults_variable_pillar_hall, ontoclasm_vaults_ring_small,
          layout_vaults_ring
Crypt:1:  layout_misc_corridors, serial_glass, glass_columns_b, glass_columns_c,
          glass_columns_b, glass_columns_c, glass_columns_a,
          due_unseen_surprise, feat_on_display, minmay_strange_pillars,
          nicolae_crypt_soggy_tomb, minmay_misc_feat_rows
Crypt:2:  hangedman_screamer, layout_misc_corridors,
          infiniplex_enter_wizlab_glasses
Crypt:3:  church_of_pain_bobbens, layout_chaotic_city
Tomb:1

Skill      XL: |  1  2  3  4  5  6  7  8  9 10 11 12 13 14 15 16 17 18 19 20 21 22 |
---------------+-------------------------------------------------------------------+-----
Axes           | 4 5 8 12 16 18 21 22 23 | 23.8
Fighting       | 4 5 7 8 9 10 11 12 13 15 16 18 20 22 25 27 | 27.0
Dodging        | 3 4 5 |  5.0
Armour         | 3 4 5 7 8 10 12 13 14 15 16 18 19 20 21 22 23 | 23.2
Maces & Flails | 2 5 6 9 11 13 | 13.6
Unarmed Combat | 1 |  1.0
Evocations     | 1 3 5 6 7 8 9 10 12 | 12.9
Throwing       | 1 2 3 6 8 9 |  9.5
Stealth        | 1 2 |  2.4
Ranged Weapons | 1 |  1.7

Action                     |  1- 3 |  4- 6 |  7- 9 | 10-12 | 13-15 | 16-18 | 19-21 | 22-24 || total
---------------------------+-------+-------+-------+-------+-------+-------+-------+-------++-------
  Melee: Hand axe          |   102 |     8 |       |       |       |       |       |       ||   110
         Headbutt          |    15 |     8 |    18 |    58 |    89 |   135 |   202 |    27 ||   552
         Flail             |       |    74 |       |       |       |       |       |       ||    74
         Dire flail        |       |     2 |   174 |   137 |       |       |       |       ||   313
         Punch             |       |     1 |       |     1 |       |       |       |       ||     2
         War axe           |       |       |       |    71 |       |       |       |       ||    71
         Executioner's axe |       |       |       |   160 |   596 |   674 |   865 |   124 ||  2419
   Fire: Longbow           |       |       |     2 |     5 |       |       |       |       ||     7
         Sling             |       |       |       |       |     1 |       |     2 |       ||     3
  Throw: Dart              |       |       |     2 |    13 |     2 |       |       |       ||    17
         Boomerang         |       |       |       |     7 |    12 |     6 |       |       ||    25
         Javelin           |       |       |       |       |       |       |     5 |       ||     5
 Invoke: Berserk           |     1 |     1 |       |     2 |     2 |     2 |     4 |     1 ||    13
         Brothers in Arms  |       |       |       |       |     1 |     7 |     7 |     2 ||    17
         Trog's Hand       |       |       |       |       |       |     2 |     4 |     2 ||     8
  Evoke: Wand              |       |       |       |     6 |    13 |    19 |    11 |       ||    49
         Lightning rod     |       |       |       |     3 |    13 |     6 |       |       ||    22
         Piece from Xom's  |       |       |       |       |     1 |       |       |       ||     1
         Box of beasts     |       |       |       |       |       |     1 |     1 |     1 ||     3
         Phantom mirror    |       |       |       |       |       |     1 |       |       ||     1
    Use: Scroll            |       |       |       |    16 |     7 |     9 |     3 |       ||    35
         Potion            |       |       |       |       |       |     2 |     1 |     1 ||     4
   Stab: Petrified         |       |       |       |       |     6 |       |       |       ||     6
         Petrifying        |       |       |       |       |     1 |       |       |       ||     1
         Distracted        |       |       |       |       |       |       |     2 |     1 ||     3
 Armour: Animal skin       |    30 |       |       |       |       |       |       |       ||    30
         Chain mail        |    15 |    57 |   169 |    22 |       |       |       |       ||   263
         Plate armour      |       |       |       |   362 |   431 |       |       |       ||   793
         Crystal plate arm |       |       |       |       |   373 |   743 |   997 |   154 ||  2267
  Dodge: Dodged            |    65 |    59 |   118 |   272 |   455 |   343 |   577 |    86 ||  1975
